 Dungeon Crawl Stone Soup version 0.24.0-125-gc4c63601f3 (webtiles) character file.

Game seed: 15971665085957028209, levelgen mode: deterministic

49 straycat the Ducker (level 3, -1/21 HPs)
             Began as a Vampire Wanderer on Mar 6, 2020.
             Slain by a worker ant (4 damage)
             ... on level 4 of the Dungeon.
             The game lasted 00:06:39 (1695 turns).

straycat the Ducker (Vampire Wanderer)              Turns: 1695, Time: 00:06:40

Health: -1/21      AC:  2    Str: 14    XL:     3   Next: 51%
Magic:  4/4        EV: 13    Int: 12    God:
Gold:   42         SH:  0    Dex: 13    Spells: 4/4 levels left

rFire    . . .     SeeInvis +     - Unarmed
rCold    + + .     Gourm    .   (no shield)
rNeg     + + +     Faith    .   d - +0 robe
rPois    ∞         Spirit   .   (no helmet)
rElec    .         Reflect  .   (no cloak)
rCorr    .         Harm     .   (no gloves)
MR       .....                  (no boots)
Stlth    ++++......             (no amulet)
HPRegen  0.00/turn              c - ring of positive energy
MPRegen  0.09/turn              i - ring of wizardry

@: bloodless
A: no food, fangs 3, see invisible, unbreathing
a: Bat Form, Revivify


You were on level 4 of the Dungeon.
You were bloodless.

You visited 1 branch of the dungeon, and saw 3 of its levels.

You collected 42 gold pieces.

Inventory:

Hand Weapons
 a - a +0 club
 b - a +0 hunting sling
 l - a +0 spear
Missiles
 j - 43 stones (quivered)
 m - 8 poisoned darts
Armour
 d - a +0 robe (worn)
Jewellery
 c - a ring of positive energy (left hand)
 i - a ring of wizardry (right hand)
 n - an uncursed ring of protection from cold {unknown}
Scrolls
 f - 2 scrolls of fog {unknown}
 g - a scroll of remove curse {unknown}
 k - a scroll of random uselessness {unknown}
Potions
 h - a potion of curing {unknown}
Miscellaneous
 e - a box of beasts


   Skills:
 - Level 1.7 Fighting
 * Level 3.6 Dodging
 - Level 1.5 Stealth
 - Level 3.2 Unarmed Combat
 - Level 1.0 Spellcasting
   Level 1.3 Conjurations
 - Level 1.0 Evocations


You had 4 spell levels left.
You didn't know any spells.
Your spell library contained the following spells:

 Spells                   Type           Power        Failure   Level  Hunger
 Sting                    Conj/Pois      #...         9%          1    N/A
 Summon Small Mammal      Summ           #...         12%         1    N/A
 Mephitic Cloud           Conj/Pois/Air  #.......     28%         3    N/A
 Summon Guardian Golem    Hex/Summ       #.......     32%         3    N/A

Dungeon Overview and Level Annotations

Branches:
Dungeon (2/15)

Altars:


Innate Abilities, Weirdness & Mutations

You do not eat.
You do not regenerate when monsters are visible.
You are frail without blood (-20% HP).
You can heal yourself when you bite living creatures.
You are immune to poison.
You have razor-sharp teeth.
You have supernaturally acute eyesight. (SInv)
You can survive without breathing.


Message History

The worker ant is heavily wounded.
The worker ant bites you.
You hit the worker ant.
The worker ant is severely wounded.
The worker ant bites you.
* * * LOW HITPOINT WARNING * * *
The worker ant waves its antennae.
The worker ant misses you.
There is an open door here.
Okay, then.
You hit the worker ant but do no damage.
The worker ant is severely wounded.
The worker ant bites you but does no damage.
You hit the worker ant but do no damage.
Your punch misses the worker ant.
The worker ant is severely wounded.
The worker ant bites you.
* * * LOW HITPOINT WARNING * * *
The worker ant bites you.
You die...

###
#.###############
#.......%.....@.#
#.#############a#
#.# #.# #.#
###'## #%# #....#
#.# #..=.+ #.#
#....# #.# #....#
#.# #./...


You could see a worker ant.

Vanquished Creatures
  An adder (D:2)
  An ooze (D:2)
  2 dart slugs (D:1)
  A giant cockroach (D:1)
  3 goblins (D:1)
  8 hobgoblins
  A ball python (D:1)
  4 bats (D:1)
  2 frilled lizards
  4 kobolds
  4 rats (D:1)
31 creatures vanquished.

Notes
Turn   | Place    | Note
-------+----------+-------------------------------------------
     0 | D:1      | straycat the Vampire Wanderer began the quest for the Orb.
     0 | D:1      | straycat set off with the following items: a +0 club, a +0
                  | robe, a box of beasts; and the following spells available
                  | to memorise: Sting, Summon Small Mammal, Mephitic Cloud,
                  | Summon Guardian Golem
     0 | D:1      | Reached XP level 1. HP: 16/16 MP: 2/2
   159 | D:1      | Reached skill level 1 in Dodging
   381 | D:1      | Reached XP level 2. HP: 17/17 MP: 3/3
   870 | D:1      | Reached XP level 3. HP: 16/21 MP: 4/4
  1627 | D:2      | Found a faded altar of an unknown god.
  1661 | D:2      | You fall into a shaft and drop 2 floors!
  1695 | D:4      | Slain by a worker ant

Levels and vault maps discovered:
D:1:      dpeg_arrival_three_bigger_balls, layout_basic
D:2:      layout_loops_cross, nicolae_dithmenos_through_a_glass_darkly,
          grunt_qazlal_clouds, chequers_ecumenical_altar_grove
D:4:      cheibrodos_fertilizer, layout_basic, kennysheep_mini,
          minmay_temple_entry_mist, first_ration

Skill      XL: |  1  2 |
---------------+-------+-----
Dodging        | 2 3 |  3.6
Fighting       | |  1.7
Stealth        | |  1.5
Unarmed Combat | |  3.2
Spellcasting   | |  1.0
Conjurations   | |  1.3
Evocations     | |  1.0

Action                   || total
-------------------------++-------
Melee: Unarmed           ||   112
       Bite              ||     8
       Punch             ||     5
 Abil: Exsanguinate      ||     1
 Stab: Sleeping          ||     9
Armor: Robe              ||    27
Dodge: Dodged            ||    71
